AoeStats
← Luclas

Fortress

510409702Analyzed
1v1 RM · 14h ago on Sep 30, 2026· 43m 5s· 2 players
Game mode
Random Map
Map size
Small (3 player)
Population
200
Speed
Normal
Resources
Standard
Victory
Conquest
Starting age
Dark Age
Ending age
Imperial Age
RankedLock teamsTeams togetherTeam positionsShared explorationLock speedFull tech treeHidden civsTurbo modeCheats
Victory
Defeat
🇨🇴 Cumans · Colombia
1450
+18
🇦🇷 Turks · Argentina
1486
-18
Chang Hua
4:15 Loom
6:14 Feudal Age
6:51 Double-Bit Axe
7:57 Horse Collar
18:08 Gold Mining
22:02 Castle Age
21:30 Wheelbarrow
21:06 Stone Mining
21:29 Gold Mining
26:41 Imperial Age
24:11 Fletching
25:45 Padded Archer Armor
26:33 Bodkin Arrow
26:51 Bloodlines
27:06 Bow Saw
26:57 Heavy Plow
27:13 Leather Archer Armor
27:18 Scale Barding Armor
28:03 Gold Shaft Mining
27:14 Capped Ram
30:03 Chemistry
29:26 Ballistics
30:34 Light Cavalry
31:31 Masonry
34:45 Hussar
36:04 Ring Archer Armor
35:42 Scale Barding Armor
36:03 Conscription
38:20 Guilds
38:31 Chain Barding Armor
40:54 Squires
42:16 Plate Barding Armor
41:04 Pikeman
41:43 Halberdier
Luclas
5:22 Loom
7:50 Feudal Age
9:46 Wheelbarrow
9:45 Double-Bit Axe
12:27 Castle Age
10:34 Horse Collar
11:06 Gold Mining
21:29 Bow Saw
21:25 Heavy Plow
29:37 Imperial Age
27:38 Scale Barding Armor
27:54 Town Watch
31:13 Imperial Age
33:15 Padded Archer Armor
Connection lost

Rejoining the realm…

Still unreachable

The connection could not be restored.

Session expired

The server has moved on; the page needs a fresh start.